 Dungeon Crawl Stone Soup version 0.31.0-9-g3a7656b989 (webtiles) character file.

Game seed: 5809739281043992575

646 qw the Skirmisher (level 7, -3/40 HPs)
             Began as a Deep Elf Hunter on Feb 2, 2024.
             Slain by a gnoll
             ... wielding a +0 whip
              (6 damage)
             ... on level 5 of the Dungeon.
             The game lasted 00:00:15 (3512 turns).

qw the Skirmisher (Deep Elf Hunter)                 Turns: 3512, Time: 00:00:16

Health: -3/40      AC:  7    Str: 10    XL:     7   Next: 27%
Magic:  9/9        EV: 13    Int: 14    God:
Gold:   849        SH:  0    Dex: 24    Spells: 6/6 levels left

rFire   . . .        a - +0 shortbow
rCold   . . .        (shield currently unavailable)
rNeg    . . .        f - +0 ring mail
rPois   .            (no helmet)
rElec   .            l - +1 cloak
rCorr   +            (no gloves)
SInv    .            (no boots)
Will    .....        n - amulet of faith
Stlth   ++           i - ring of resist corrosion
HPRegen 0.26/turn    d - +6 ring of dexterity
MPRegen 0.11/turn

%: faith
@: about to teleport
A: no striking features
a: no special abilities


You were on level 5 of the Dungeon.
You visited 1 branch of the dungeon, and saw 5 of its levels.

You collected 918 gold pieces.
You spent 69 gold pieces at shops.


   Skills:
 - Level 2.0 Fighting
 + Level 10.2 Ranged Weapons
 - Level 1.7 Armour
 - Level 4.5 Dodging
 - Level 1.2 Stealth


You had 6 spell levels left.
You didn't know any spells.
Your spell library was empty.

Inventory:

Hand Weapons
 a - a +0 shortbow (weapon)
Armour
 f - a +0 ring mail (worn)
 l - a +1 cloak (worn)
Jewellery
 d - a +6 ring of dexterity (right hand)
 i - a ring of resist corrosion (left hand)
 n - an amulet of faith (around neck)
Wands
 b - a wand of flame (17)
Scrolls
 k - 3 scrolls of teleportation
Potions
 c - a potion of cancellation
 e - 7 potions of curing
 g - a potion of ambrosia {unknown}
 h - a potion of lignification {unknown}

Dungeon Overview and Level Annotations

Branches:
Dungeon (5/15)
 Temple: D:4-7

Altars:
Ashenzari
Xom

Shops:
D:1 *

Annotations:
D:3 2 transporters, exclusion: 2 dart slugs
D:5 Edmund


Message History

The centaur is heavily wounded.
The centaur barely misses you. The centaur kicks you.
You shoot an arrow. The arrow hits the centaur!
The centaur is severely wounded.
The centaur misses you. The centaur kicks you.
The centaur closely misses you. x2
You shoot an arrow. The arrow barely misses the centaur.
The centaur barely misses you. The centaur kicks you.
The gnoll hits you with a +0 whip.
You shoot an arrow.
The arrow hits the centaur but does no damage.
The centaur is severely wounded.
The centaur hits you. The centaur barely misses you.
A gnoll comes into view. It is wielding a +0 club.
The gnoll misses you. The centaur hits you. The centaur kicks you.
You shoot an arrow. The gnoll shouts!
The arrow hits the centaur.
The centaur is severely wounded.
You hear a shout!
The centaur barely misses you. The centaur kicks you.
The gnoll hits you with a +0 whip.
A gnoll comes into view.
It is wielding a +0 flail and quivering a throwing net.
The gnoll closely misses you.
3511 ||| READING 4 scrolls of teleportation.
As you read the scroll of teleportation, it crumbles to dust.
You feel strangely unstable.
The gnoll shouts!
You hear a shout!
The centaur barely misses you. x2; The gnoll hits you but does no damage.
The gnoll closely misses you.
A gnoll comes into view. It is wielding a +0 halberd.
The centaur barely misses you.
The centaur kicks you but does no damage.
You shoot an arrow. The gnoll shouts!
The arrow hits the centaur!
You kill the centaur!
You hear a shout!
The gnoll hits you from afar with a +0 spear.
The gnoll hits you with a +0 whip.
You die...

##....##.###.........#
##.#####.............#
##.# #.#...........#
##.# #.............##
...#####...[..........#
.###..........)<.....#
## #.......###...^..##
#..####### ######## ..
#..@..# # #...)g..#
#....g...g#
#...........#
#....g..>..##
#....g.....#
#..........#
#........###


You could see 5 gnolls.

Vanquished Creatures
  Sigmund (D:3)
  An ogre (D:5)
  A centaur (D:5)
  A phantom (D:4)
  2 bombardier beetles
  A hound (D:4)
  Jessica (D:2)
  2 iguanas (D:4)
  8 adders
  2 dart slugs
  2 ribbon worms (D:3)
  4 orcs
  5 bats
  An endoplasm (D:2)
  2 giant cockroaches
  10 goblins
  5 hobgoblins
  12 jackals
  6 kobolds
  4 quokkas
  2 ball pythons (D:1)
  3 frilled lizards
  8 rats
84 creatures vanquished.

Notes
Turn   | Place    | Note
-------+----------+-------------------------------------------
     0 | D:1      | qw the Deep Elf Hunter began the quest for the Orb.
     0 | D:1      | Reached XP level 1. HP: 12/12 MP: 3/3
     0 | D:1      | 0 ||| qw: Version: 0.3-a-155-g5e7d8dd
     0 | D:1      | 0 ||| qw: Game counter: 412
     0 | D:1      | 0 ||| qw: Melee chars always use a shield: true
     0 | D:1      | 0 ||| qw: God list: Okawaru
     0 | D:1      | 0 ||| qw: Allow faded altars: false
     0 | D:1      | 0 ||| qw: Do Orc after clearing Dungeon:15 true
     0 | D:1      | 0 ||| qw: Do second Lair branch before Depths: true
     0 | D:1      | 0 ||| qw: Lair rune preference: random
     0 | D:1      | 0 ||| qw: Goals: Normal
     0 | D:1      | 0 ||| PLANNING D:1-11
   156 | D:1      | Reached skill level 6 in Ranged Weapons
   156 | D:1      | Reached XP level 2. HP: 16/16 MP: 4/4
   471 | D:1      | HP: 4/16 [jackal (1)]
   472 | D:1      | HP: 1/16 [jackal (1)]
   838 | D:1      | Found Cuets's Assorted Antiques.
   847 | D:1      | 847 ||| SHOPLISTING crooked wooden wand (96 gold, have 74).
   847 | D:1      | 847 ||| SHOPLISTING diamond ring (120 gold, have 74).
   847 | D:1      | 847 ||| SHOPLISTING gold wand (96 gold, have 74).
   847 | D:1      | 847 ||| BUYING lumpy blue potion (21 gold).
   847 | D:1      | Bought a lumpy blue potion for 21 gold pieces
   847 | D:1      | 847 ||| BUYING scroll labelled ONTUCU IFFESHRAI (24 gold).
   847 | D:1      | Bought a scroll labelled ONTUCU IFFESHRAI for 24 gold
                  | pieces
   847 | D:1      | 847 ||| BUYING scroll labelled RIBOOKHLUFA (24 gold).
   847 | D:1      | Bought a scroll labelled RIBOOKHLUFA for 24 gold pieces
  1104 | D:1      | 1104 ||| UPGRADING to +0 ring mail.
  1114 | D:1      | 1114 ||| DROPPING +0 leather armour.
  1115 | D:1      | 1115 ||| UPGRADING to ring of resist corrosion.
  1116 | D:1      | 1116 ||| READING scroll labelled PUTSUV RAUPOELI.
  1117 | D:1      | 1117 ||| READING 5 scrolls labelled ONTUCU IFFESHRAI.
  1117 | D:1      | 1117 ||| IDENTIFYING blue potion
  1118 | D:1      | 1118 ||| READING 4 scrolls of identify.
  1118 | D:1      | 1118 ||| IDENTIFYING lumpy blue potion
  1119 | D:1      | 1119 ||| READING 3 scrolls of identify.
  1119 | D:1      | 1119 ||| IDENTIFYING 3 fuming sapphire potions
  1120 | D:1      | 1120 ||| READING 2 scrolls of identify.
  1120 | D:1      | 1120 ||| IDENTIFYING scroll labelled RIBOOKHLUFA
  1121 | D:1      | 1121 ||| DROPPING scroll of butterflies.
  1122 | D:1      | 1122 ||| DROPPING potion of brilliance.
  1185 | D:2      | Reached XP level 3. HP: 17/20 MP: 5/5
  1644 | D:2      | Noticed Jessica
  1649 | D:2      | Killed Jessica
  1650 | D:2      | Reached skill level 7 in Ranged Weapons
  1667 | D:2      | 1667 ||| UPGRADING to +0 cloak.
  1672 | D:2      | 1672 ||| UPGRADING to +6 ring of dexterity.
  1673 | D:2      | 1673 ||| READING 2 scrolls of identify.
  1673 | D:2      | 1673 ||| IDENTIFYING scroll labelled ICAJUA ERUV
  1674 | D:2      | 1674 ||| READING scroll of identify.
  1674 | D:2      | 1674 ||| IDENTIFYING scroll labelled VUPPESK ZYIWKA
  1675 | D:2      | 1675 ||| READING scroll of enchant armour.
  1675 | D:2      | 1675 ||| ENCHANTING +0 cloak.
  1676 | D:2      | 1676 ||| READING scroll labelled OFEFRA HEOPLU.
  1676 | D:2      | Identified a scroll of acquirement
  1676 | D:2      | 1676 ||| ACQUIRING 704 gold pieces
  1676 | D:2      | Acquired 704 gold pieces
  1678 | D:2      | 1678 ||| DROPPING scroll of poison.
  1708 | D:3      | Reached XP level 4. HP: 19/25 MP: 6/6
  1920 | D:3      | Found a transporter.
  2108 | D:3      | Reached skill level 8 in Ranged Weapons
  2118 | D:3      | Reached XP level 5. HP: 29/29 MP: 7/7
  2136 | D:3      | Found a shimmering altar of Xom.
  2189 | D:3      | Reached skill level 3 in Dodging
  2247 | D:3      | Noticed a small abomination
  2268 | D:3      | Found a transporter.
  2398 | D:3      | Noticed Sigmund
  2411 | D:3      | Killed Sigmund
  2412 | D:3      | Reached skill level 9 in Ranged Weapons
  2412 | D:3      | Reached XP level 6. HP: 34/34 MP: 8/8
  2951 | D:4      | Reached skill level 10 in Ranged Weapons
  3006 | D:4      | Found a broken altar of Ashenzari.
  3018 | D:4      | Reached skill level 1 in Armour
  3018 | D:4      | Reached XP level 7. HP: 40/40 MP: 9/9
  3314 | D:4      | 3314 ||| UPGRADING to amulet of faith.
  3319 | D:4      | 3319 ||| READING scroll of identify.
  3319 | D:4      | 3319 ||| IDENTIFYING pink potion
  3320 | D:4      | 3320 ||| READING scroll labelled YSSEUCA HEABIO.
  3403 | D:5      | Entered Level 5 of the Dungeon
  3404 | D:5      | 3404 ||| STAIRDANCE
  3408 | D:5      | 3408 ||| STAIRDANCE
  3490 | D:5      | Noticed Edmund
  3498 | D:5      | HP: 10/40 [hound (3)]
  3499 | D:5      | 3499 ||| READING 5 scrolls of teleportation.
  3500 | D:5      | 3500 ||| DRINKING potion of heal wounds.
  3510 | D:5      | HP: 10/40 [centaur (3)]
  3511 | D:5      | 3511 ||| READING 4 scrolls of teleportation.
  3512 | D:5      | HP: 3/40 [gnoll/+0 spear (5)]
  3512 | D:5      | Slain by a gnoll

Levels and vault maps discovered:
D:1:      elethiomel_arrival_infinity_welcomes_careful_drivers, layout_basic,
          serial_shops, shop_fountains, minmay_3d_cube
D:2:      layout_basic, kennysheep_generic_room_7, uniq_jessica
D:3:      layout_basic, mainiacjoe_overflow_brackets,
          gammafunk_ghost_abyssal_escape, kennysheep_minor_cross,
          grunt_ministairs_9, grunt_decor_cap, minmay_close_crescents,
          uniq_sigmund
D:4:      layout_loops_ring, mainiacjoe_overflow_tiny_flanked,
          minmay_misc_feat_rugged
D:5:      layout_rooms, trog_butcher_becter, serial_aquarium,
          aquarium_bridge_straight [aquarium_subvault_bridge,
          aquarium_subvault_wall, aquarium_subvault_bridge,
          aquarium_subvault_wall], aquarium_bridge_square
          [aquarium_subvault_wall, aquarium_subvault_wall,
          aquarium_subvault_wall, aquarium_subvault_bridge], aquarium_window_2,
          aquarium_window_corner, aquarium_window_3, aquarium_view_2e,
          aquarium_balcony_1b, uniq_edmund, uniq_menkaure

Skill      XL: |  1  2  3  4  5  6  7 |
---------------+----------------------+-----
Ranged Weapons | 6 7 8 9 10 | 10.2
Dodging        | 3 4 |  4.5
Fighting       | 2 |  2.0
Armour         | 1 |  1.7
Stealth        | |  1.2

Action                     |  1- 3 |  4- 6 |  7- 9 || total
---------------------------+-------+-------+-------++-------
   Fire: Shortbow          |   109 |   149 |    49 ||   307
    Use: Scroll            |     9 |       |     4 ||    13
         Potion            |       |       |     1 ||     1
 Armour: Leather armour    |    35 |       |       ||    35
         Ring mail         |    19 |    24 |    31 ||    74
  Dodge: Dodged            |    46 |    26 |    41 ||   113

Table legend:
 A = Non-vault XP
 B = Vault XP
 C = Vault XP percentage of total XP
 D = Non-vault monster count
 E = Vault monster count
 F = Vault count percentage of total count
                 A         B        C        D         E       F
            +---------+---------+-------+---------+---------+-------
      Total |     744 |     291 |  28.1 |      71 |      13 |  15.5
            +---------+---------+-------+---------+---------+-------
        D:1 |      29 |       7 |  19.4 |      14 |       5 |  26.3
        D:2 |      20 |      40 |  66.7 |      12 |       3 |  20.0
        D:3 |     124 |     244 |  66.3 |      18 |       5 |  21.7
        D:4 |     317 |       0 |   0.0 |      23 |       0 |   0.0
        D:5 |     254 |       0 |   0.0 |       4 |       0 |   0.0
            +---------+---------+-------+---------+---------+-------
